 Dungeon Crawl Stone Soup version 0.29.1-15-g9cfb28693d (webtiles) character file.

Game seed: 16048184312295492780

140 protoss039 the Digger (level 5, 38/38 HPs)
             Began as a Demonspawn Earth Elementalist on Apr 1, 2023.
             Got out of the dungeon alive.
             The game lasted 00:04:17 (3186 turns).

protoss039 the Digger (DsEE)                        Turns: 3186, Time: 00:04:18

Health: 38/38      AC:  8    Str:  9    XL:     5   Next: 2%
Magic:  9/9        EV: 11    Int: 18    God:
Gold:   187        SH:  0    Dex: 13    Spells: 3/9 levels left

rFire   . . .      SeeInvis .   t - +3 short sword (venom)
rCold   . . .      Faith    .   (no shield)
rNeg    . . .      Spirit   .   u - +3 leather armour
rPois   .          Reflect  .   (helmet restricted)
rElec   .          Harm     .   a - +0 cloak
rCorr   .          Rampage  .   p - +0 pair of gloves
Will    .....                   (no boots)
Stlth   ++........              (no amulet)
HPRegen 0.12/turn               (no ring)
MPRegen 0.11/turn               (no ring)

@: no status effects
A: horns 1, ignite blood 1
a: no special abilities


You escaped.
You visited 1 branch of the dungeon, and saw 3 of its levels.

You collected 187 gold pieces.

Inventory:

Hand Weapons
 o - a +1 dagger of protection
 t - a +3 short sword of venom (weapon)
Armour
 a - a +0 cloak (worn)
 p - a +0 pair of gloves (worn)
 u - a +3 leather armour (worn)
Magical Staves
 k - a staff of death
Scrolls
 c - a scroll of amnesia {unknown}
 f - a scroll of enchant armour {unknown}
 g - a scroll of acquirement {unknown}
 i - 3 scrolls of teleportation {unknown}
 j - a scroll of immolation
 l - 2 scrolls of identify {unknown}
 m - a scroll of summoning {unknown}
 q - a scroll of blinking {unknown}
 r - a scroll of butterflies {unknown}
 s - a scroll of fear {unknown}
Potions
 b - a potion of magic
 d - 4 potions of heal wounds {unknown}
 e - a potion of might {unknown}
 h - 5 potions of curing {unknown}
 n - a potion of lignification {unknown}


   Skills:
 + Level 2.1 Fighting
 * Level 0.8 Armour
 + Level 2.0 Dodging
 + Level 2.0 Stealth
 + Level 2.9 Spellcasting
 + Level 0.8 Conjurations
 - Level 1.0 Transmutations
 + Level 3.5 Earth Magic


You had 3 spell levels left.
You knew the following spells:

 Your Spells              Type           Power      Damage    Failure   Level
a - Sandblast             Erth           30%        2d9       5%          1
b - Passwall              Tmut/Erth      8%         N/A       14%         2
c - Stone Arrow           Conj/Erth      20%        3d8       26%         3

Your spell library contained the following spells:

 Spells                   Type           Power      Damage    Failure   Level
 Petrify                  Tmut/Erth      10%        N/A       65%         4


Dungeon Overview and Level Annotations

Branches:
Dungeon (3/15) Zot: 14780

Altars:


Innate Abilities, Weirdness & Mutations

You have a pair of small horns on your head.
Your demonic aura sometimes causes spilled blood to erupt in flames.


Message History

q - a scroll labelled NANEPLEHIR No target in view!
A kobold comes into view. It is wielding a +0 short sword.
Found a stone staircase leading up.
A kobold is nearby!
Found 10 gold pieces.
A kobold is nearby!
A kobold is nearby!
A kobold is nearby!
Found a short sword.
The kobold barely misses you.
You closely miss the kobold.
The kobold hits you with a +0 short sword.
Unknown command.
You hit the kobold.
You kill the kobold!
Unknown command.
No target in view!
Unknown command.
A kobold comes into view. It is wielding a +0 whip.
The kobold shouts!
You hear an angry hiss.
There is a stone staircase leading up here.
The kobold throws a stone.
The stone hits you but does no damage.
You climb upwards.
There is a stone staircase leading down here.
(D) Dungeon
Where to? (Enter - D:3 @ (x,y), ? - help)
What level of the Dungeon? (default 1, ? - help) HP restored.
There is an open door here.
You open the door.
There is an open door here.
There is a stone staircase leading up here.
You climb upwards.
There is a stone staircase leading down here.
There is an open door here.
There is an open door here.
There is an open door here.
There is a staircase leading out of the dungeon here.
Are you sure you want to leave the Dungeon?
This will make you lose the game!
You have escaped!

#.#.#### #.............#.........
.......# #.###########.#.........
.......# #..#.......#..#....#.###
.......# #.#.#######.#.#....#.# #
.......# #.##.......##.#......#
.......# #.#.###'###.#.#......###
.......# #.#.#.....#.#.#.........
#....#####.#.#.....#.#.####...###
.......'.'.#.+..@..'.#.'.'......#
......####.#.#.....#.#.######...#
.........#.#.#.....#.#.#.........
.##.#....#.#.###+###.#.#.####...#
.........#.##.......##.#.........
.##.#....#.#.#######.#.#....#####
.........#..#.......#..#.....####
...#...#.#.###########.#.....#...
...##....#.............#.....#...


There were no monsters in sight!

Vanquished Creatures
  An orc priest (D:3)
  3 adders
  2 worms
  2 dart slugs
  3 orcs
  3 ball pythons
  11 bats
  2 endoplasms (D:1)
  4 giant cockroaches
  5 goblins
  8 hobgoblins
  3 jackals (D:3)
  2 quokkas
  5 frilled lizards
  9 kobolds
  13 rats
76 creatures vanquished.

Notes
Turn   | Place    | Note
-------+----------+-------------------------------------------
     0 | D:1      | protoss039 the Demonspawn Earth Elementalist began the
                  | quest for the Orb.
     0 | D:1      | Reached XP level 1. HP: 13/13 MP: 3/3
   181 | D:1      | Gained mutation: Your demonic aura sometimes causes spilled
                  | blood to erupt in flames. [demonic ancestry]
   181 | D:1      | Reached XP level 2. HP: 20/20 MP: 3/5
   274 | D:1      | Reached skill level 1 in Fighting
   357 | D:1      | Reached skill level 3 in Earth Magic
   387 | D:1      | Found a faded altar of an unknown god.
  1013 | D:1      | Learned a level 2 spell: Passwall
  1109 | D:2      | Reached XP level 3. HP: 26/26 MP: 4/6
  2214 | D:2      | Reached XP level 4. HP: 32/33 MP: 6/8
  2404 | D:2      | Learned a level 3 spell: Stone Arrow
  2703 | D:3      | Reached skill level 1 in Transmutations
  2958 | D:3      | Gained mutation: You have a pair of small horns on your
                  | head. [demonic ancestry]
  2958 | D:3      | Reached XP level 5. HP: 38/38 MP: 9/9
  3186 | D:$      | Got out of the dungeon alive.

Illustrated notes

Levels and vault maps discovered:
D:1:      matt_arrival_los_fun, layout_basic, hellmonk_ecumenical_altar_blasted
D:2:      kb_forest_paths, layout_loops_corners, minmay_rat_gold_closets
D:3:      layout_loops_cross, mainiacjoe_overflow_chevrons, minmay_starry_boxes,
          uniq_natasha

Skill      XL: |  1  2  3  4 |
---------------+-------------+-----
Fighting       | 1 2 |  2.1
Earth Magic    | 3 |  3.5
Transmutations | 1 |  1.0
Stealth        | 2 |  2.0
Dodging        | 2 |  2.0
Armour         | |  0.8
Spellcasting   | |  2.9
Conjurations   | |  0.8

Action                   |  1- 3 |  4- 6 || total
-------------------------+-------+-------++-------
Melee: Dagger            |    35 |       ||    35
       Punch             |     1 |       ||     1
       Short sword       |       |    62 ||    62
 Cast: Sandblast         |    51 |     5 ||    56
 Stab: Sleeping          |     4 |       ||     4
Armor: Robe              |    11 |       ||    11
       Leather armour    |     6 |    22 ||    28
Dodge: Dodged            |    35 |    38 ||    73
